 Dungeon Crawl Stone Soup version 0.29.0-4-gdea44cf6ec (webtiles) character file.

Game seed: 3892366457236192148

602 qw the Cleaver (level 7, 0/49 HPs)
             Began as a Barachi Chaos Knight on Sept 3, 2022.
             Slain by a gnoll sergeant
             ... wielding a +0 spear of pain
              (1 damage)
             ... on level 5 of the Dungeon.
             The game lasted 00:02:54 (5154 turns).

qw the Cleaver (Barachi Chaos Knight)               Turns: 5154, Time: 00:02:54

Health: 0/49       AC: 14    Str: 15      XL:     7   Next: 41%
Magic:  7/7        EV:  6    Int: 12 (13) God:
Gold:   66         SH:  0    Dex: 10 (11) Spells: 6/6 levels left

rFire   . . .      SeeInvis .   Y - +0 war axe
rCold   + . .      Faith    .   (no shield)
rNeg    + . .      Spirit   .   t - +0 chain mail
rPois   .          Reflect  .   i - +2 hat
rElec   .          Harm     .   q - +2 cloak
rCorr   .          Rampage  .   (no gloves)
Will    +....                   (no boots)
Stlth   ..........              (no amulet)
HPRegen 0.16/turn               g - ring of protection from cold
MPRegen 0.10/turn               d - ring of positive energy

@: about to teleport, unable to drink, slow
A: amphibious, slowness 1, strong legs 1, +LOS, deterioration 2, frail 1,
strong-willed 1, inability to drink after injury 1
a: Hop


You were on level 5 of the Dungeon.
You visited 2 branches of the dungeon, and saw 6 of its levels.

You collected 235 gold pieces.
You spent 169 gold pieces at shops.


Innate Abilities, Weirdness & Mutations

You are amphibious.
You cover ground slowly.
You can hop short distances.
You have an extended range of vision and can be seen from far away.
Your body often deteriorates upon taking damage.
You are frail. (-10% HP)
You are strong-willed. (Will+)
You occasionally lose the ability to drink potions when taking damage.


   Skills:
 + Level 4.8 Fighting
 - Level 8.0 Axes
 - Level 4.1 Armour
 - Level 1.1 Dodging


You had 6 spell levels left.
You didn't know any spells.
Your spell library was empty.

Inventory:

Hand Weapons
 k - a +0 whip
 Y - a +0 war axe (weapon)
Missiles
 h - 3 boomerangs (quivered)
Armour
 i - a +2 hat (worn)
 q - a +2 cloak (worn)
 t - a +0 chain mail (worn)
Jewellery
 d - a ring of positive energy (right hand)
 g - a ring of protection from cold (left hand)
Scrolls
 a - a scroll of identify
 e - a scroll of silence {unknown}
Potions
 f - 2 potions of resistance
 j - a potion of magic {unknown}
 l - a potion of heal wounds {unknown}
 m - a potion of curing
 n - a potion of invisibility {unknown}
 p - a potion of flight {unknown}
Miscellaneous
 c - a piece from Xom's chessboard (15/15)

Dungeon Overview and Level Annotations

Branches:
Dungeon (5/15)             Temple (1/1) D:4

Altars:
Ashenzari
Cheibriados
Dithmenos
Gozag
Kikubaaqudgha
Makhleb
Nemelex Xobeh
Qazlal
Ru
Vehumet
Xom

Shops:
D:3 *   D:4 [   D:5 (


Message History

A gnoll sergeant comes into view. It is wielding a +0 spear of pain.
5145 ||| Stepping ~*~*~tactically~*~*~ (stealth).
The gnoll sergeant shouts!
A gnoll comes into view.
It is wielding a +2 falchion of electrocution.
A gnoll comes into view. It is wielding a +0 spear.
The gnoll shouts!
A gnoll comes into view. It is wielding a +0 whip.
The gnoll sergeant hits you but does no damage.
A gnoll comes into view. It is wielding a +0 whip.
The gnoll shouts!
The gnoll sergeant hits you but does no damage.
You writhe in agony.
A gnoll comes into view. It is wielding a +0 spear.
The gnoll shouts!
You hit the gnoll sergeant but do no damage.
The gnoll sergeant hits you but does no damage.
You slash the gnoll sergeant!
The gnoll sergeant is moderately wounded.
The gnoll sergeant hits you but does no damage.
You barely miss the gnoll sergeant.
The gnoll sergeant is moderately wounded.
You hit the gnoll sergeant.
You punch the gnoll sergeant, but do no damage.
The gnoll sergeant is heavily wounded.
You hit the gnoll.
The gnoll hits you with a +2 falchion of electrocution.
You are electrocuted!
Your body deteriorates!
You feel clumsy.
The gnoll sergeant hits you with a +0 spear of pain!
You feel threatened and lose the ability to drink potions!
5154 ||| READING scroll of teleportation.
As you read the scroll of teleportation, it crumbles to dust.
You feel strangely unstable.
The gnoll hits you with a +2 falchion of electrocution.
The gnoll hits you but does no damage.
The gnoll hits you from afar with a +0 spear.
Your body deteriorates!
You feel dopey.
The gnoll sergeant hits you but does no damage.
You writhe in agony.
You die...

#..## .# #...# .
...## .# . ##
....##. .. #..
.......... ##..
.gg.#....#
#....#g..#...#
#....#gg.....#
#....g@......###
.#
##..##.###.....#
. #. #..........
. #......##.# .#
#.......#.##.##
#
####..........#
.# ####.......#
...
####...###.##..#
##.......##..>.#


You could see a gnoll sergeant and 5 gnolls.

Vanquished Creatures
  2 black bears (D:4)
  A scorpion (D:5)
  2 jellies (D:5)
  A hound (D:2)
  An orc priest (D:4)
  An orc wizard (D:4)
  A gnoll (D:2)
  12 adders
  5 worms
  A dart slug (D:3)
  2 orcs
  5 endoplasms
  3 giant cockroaches
  13 goblins
  12 hobgoblins
  3 jackals (D:2)
  4 quokkas
  14 ball pythons
  5 bats
  2 frilled lizards (D:2)
  5 kobolds
  2 rats
97 creatures vanquished.

Notes
Turn   | Place    | Note
-------+----------+-------------------------------------------
     0 | D:1      | qw the Barachi Chaos Knight began the quest for the Orb.
     0 | D:1      | Reached XP level 1. HP: 18/18 MP: 1/1
     0 | D:1      | 0 ||| qw: Version: 0.1-a-102-g441f92d
     0 | D:1      | 0 ||| qw: Game counter: 5290
     0 | D:1      | 0 ||| qw: Always use a shield: true
     0 | D:1      | 0 ||| qw: God list: Okawaru
     0 | D:1      | 0 ||| qw: Allow faded altars: false
     0 | D:1      | 0 ||| qw: Do Orc after D:15 true
     0 | D:1      | 0 ||| qw: Do second Lair branch before Depths: true
     0 | D:1      | 0 ||| qw: Lair rune preference: random
     0 | D:1      | 0 ||| qw: Plans: Normal
     0 | D:1      | 0 ||| PLANNING D:1-11
     0 | D:1      | Fell from the grace of Xom
   209 | D:1      | 209 ||| Stepping ~*~*~tactically~*~*~ (stealth).
   210 | D:1      | 210 ||| Stepping ~*~*~tactically~*~*~ (stealth).
   217 | D:1      | 217 ||| Stepping ~*~*~tactically~*~*~ (stealth).
   238 | D:1      | Reached XP level 2. HP: 22/24 MP: 2/2
   342 | D:1      | Reached skill level 4 in Axes
   545 | D:1      | 545 ||| DROPPING +0 club.
  1246 | D:1      | Reached XP level 3. HP: 27/29 MP: 3/3
  1274 | D:1      | 1274 ||| UPGRADING to +0 ring mail.
  1284 | D:1      | 1284 ||| DROPPING +2 leather armour.
  1285 | D:1      | 1285 ||| UPGRADING to +2 hat.
  1290 | D:1      | 1290 ||| UPGRADING to +0 scale mail.
  1300 | D:1      | 1300 ||| DROPPING +0 ring mail.
  1301 | D:1      | 1301 ||| READING scroll labelled SUHYCW AMMA.
  1302 | D:1      | 1302 ||| READING scroll labelled JEYGEY MECAWAU.
  1551 | D:2      | 1551 ||| Stepping ~*~*~tactically~*~*~ (stealth).
  1555 | D:2      | 1555 ||| Stepping ~*~*~tactically~*~*~ (stealth).
  1562 | D:2      | 1562 ||| Stepping ~*~*~tactically~*~*~ (stealth).
  1568 | D:2      | Reached skill level 5 in Axes
  1583 | D:2      | 1583 ||| FLEEEEING.
  1588 | D:2      | Reached XP level 4. HP: 26/36 MP: 4/4
  1657 | D:2      | 1657 ||| Stepping ~*~*~tactically~*~*~ (stealth).
  1691 | D:2      | 1691 ||| Stepping ~*~*~tactically~*~*~ (stealth).
  1927 | D:2      | Reached skill level 6 in Axes
  1948 | D:2      | Reached XP level 5. HP: 34/42 MP: 5/5
  2094 | D:2      | Found a sparkling altar of Nemelex Xobeh.
  2160 | D:2      | 2160 ||| Stepping ~*~*~tactically~*~*~ (stealth).
  2349 | D:2      | 2349 ||| UPGRADING to ring of protection from cold.
  2350 | D:2      | 2350 ||| READING scroll labelled CAETURREOMIK.
  2351 | D:2      | 2351 ||| DRINKING 2 glowing yellow potions.
  2352 | D:2      | 2352 ||| DROPPING potion of brilliance.
  2378 | D:3      | 2378 ||| Stepping ~*~*~tactically~*~*~ (stealth).
  2380 | D:3      | 2380 ||| Stepping ~*~*~tactically~*~*~ (stealth).
  2487 | D:3      | Found an opulent altar of Gozag.
  2515 | D:3      | 2515 ||| Stepping ~*~*~tactically~*~*~ (stealth).
  2529 | D:3      | 2529 ||| Stepping ~*~*~tactically~*~*~ (stealth).
  2755 | D:3      | XOM: give mutation
  2755 | D:3      | Gained mutation: You are strong-willed. (Will+) [Xom's
                  | mischief]
  2786 | D:3      | 2786 ||| SWAPPING to +0 war axe.
  2791 | D:3      | 2791 ||| DROPPING +0 hand axe of chaos.
  2830 | D:3      | Found Etiont's Assorted Antiques.
  2847 | D:3      | 2847 ||| UPGRADING to +2 cloak.
  2853 | D:3      | 2853 ||| BUYING 2 fizzy coppery potions (48 gold).
  2853 | D:3      | Bought 2 fizzy coppery potions for 48 gold pieces
  2853 | D:3      | 2853 ||| BUYING chain mail (121 gold).
  2853 | D:3      | Bought a chain mail for 121 gold pieces
  2853 | D:3      | 2853 ||| SHOPLISTING fizzy inky potion (24 gold, have 1).
  2853 | D:3      | 2853 ||| SHOPLISTING pair of gloves (121 gold, have 1).
  2853 | D:3      | 2853 ||| SHOPLISTING scroll labelled LEXKAU ZUMPOIST (27
                  | gold, have 1).
  2853 | D:3      | 2853 ||| UPGRADING to +0 chain mail.
  2857 | D:3      | XOM: cloud trail
  2863 | D:3      | 2863 ||| DROPPING +0 scale mail.
  2864 | D:3      | 2864 ||| READING scroll labelled KICKEE MUUKH.
  2865 | D:3      | 2865 ||| READING 2 scrolls labelled SOWKECU NOIQ.
  3159 | D:3      | XOM: torment (22/42 hp)
  3312 | D:3      | 3312 ||| Stepping ~*~*~tactically~*~*~ (hiding).
  3475 | D:3      | 3475 ||| READING scroll labelled HYEXTA WEVIE.
  3476 | D:3      | 3476 ||| DRINKING 3 fizzy cyan potions.
  3510 | D:3      | 3510 ||| DRINKING 4 fizzy coppery potions.
  3511 | D:3      | 3511 ||| READING 2 scrolls of identify.
  3511 | D:3      | 3511 ||| IDENTIFYING puce potion
  3512 | D:3      | 3512 ||| DROPPING 2 potions of lignification.
  3513 | D:3      | 3513 ||| DROPPING potion of degeneration.
  3514 | D:3      | 3514 ||| DROPPING 3 potions of attraction.
  3532 | D:4      | 3532 ||| STAIRDANCE
  3532 | D:4      | XOM: summons 5 hostile demons
  3533 | D:4      | Noticed a rust devil
  3533 | D:4      | Noticed a hellwing
  3533 | D:4      | Noticed a soul eater
  3535 | D:4      | 3535 ||| STAIRDANCE
  3545 | D:4      | Noticed a black bear
  3546 | D:4      | 3546 ||| STAIRDANCE
  3706 | D:4      | 3706 ||| STAIRDANCE
  3709 | D:3      | XOM: give mutations
  3709 | D:3      | Gained mutation: You occasionally lose the ability to drink
                  | potions when taking damage. [Xom's mischief]
  3709 | D:3      | Gained mutation: You are weak. (Str -2) [Xom's mischief]
  3709 | D:3      | Gained mutation: Your body sometimes deteriorates upon
                  | taking damage. [Xom's mischief]
  3739 | D:4      | HP: 3/41 [black bear (10)]
  3740 | D:4      | 3740 ||| READING scroll of teleportation.
  3741 | D:4      | Killed a black bear
  3742 | D:4      | Reached XP level 6. HP: 4/48 MP: 6/6
  3742 | D:4      | 3742 ||| STAIRDANCE
  3748 | D:3      | XOM: give mutations
  3748 | D:3      | Lost mutation: Your body sometimes deteriorates upon taking
                  | damage. [Xom's mischief]
  3748 | D:3      | Gained mutation: Your body sometimes deteriorates upon
                  | taking damage. [Xom's mischief]
  3748 | D:3      | Gained mutation: Your body often deteriorates upon taking
                  | damage. [Xom's mischief]
  3944 | D:3      | XOM: give mutations
  3944 | D:3      | Gained mutation: You are frail. (-10% HP) [Xom's mischief]
  3944 | D:3      | Gained mutation: You are very frail. (-20% HP) [Xom's
                  | mischief]
  3944 | D:3      | Lost mutation: You are weak. (Str -2) [Xom's mischief]
  3944 | D:3      | Lost mutation: You are very frail. (-20% HP) [Xom's
                  | mischief]
  4005 | D:4      | Noticed a black bear
  4014 | D:4      | Killed a black bear
  4015 | D:4      | Reached skill level 7 in Axes
  4019 | D:4      | 4019 ||| FLEEEEING.
  4020 | D:4      | 4020 ||| STAIRDANCE
  4164 | D:4      | XOM: 1-stop teleportation journey
  4257 | D:4      | Found a sacrificial altar of Ru.
  4268 | D:4      | Found a staircase to the Ecumenical Temple.
  4269 | D:4      | 4269 ||| PLANNING TEMPLE
  4269 | D:4      | 4269 ||| UPGRADING to ring of positive energy.
  4270 | D:4      | 4270 ||| READING scroll labelled LEXKAU ZUMPOIST.
  4271 | D:4      | 4271 ||| DRINKING 2 silvery potions.
  4283 | Temple   | Entered the Ecumenical Temple
  4430 | Temple   | 4430 ||| PLANNING D:1-11
  4480 | D:4      | 4480 ||| Stepping ~*~*~tactically~*~*~ (hiding).
  4496 | D:4      | Reached XP level 7. HP: 33/48 MP: 7/7
  4723 | D:4      | Found Riyx's Antique Armour Shoppe.
  4740 | D:4      | 4740 ||| SHOPLISTING pair of faintly glowing boots (180
                  | gold, have 61).
  4740 | D:4      | 4740 ||| SHOPLISTING pair of gloves (85 gold, have 61).
  4740 | D:4      | 4740 ||| SHOPLISTING plate armour (437 gold, have 61).
  4808 | D:4      | 4808 ||| READING scroll labelled CEGGAIRANG.
  4809 | D:4      | 4809 ||| READING 3 scrolls of identify.
  4809 | D:4      | 4809 ||| IDENTIFYING cyan potion
  4810 | D:4      | 4810 ||| READING 2 scrolls of identify.
  4810 | D:4      | 4810 ||| IDENTIFYING fuming black potion
  4811 | D:4      | 4811 ||| DROPPING potion of ambrosia.
  4845 | D:4      | XOM: draining
  4852 | D:5      | Entered Level 5 of the Dungeon
  4883 | D:5      | Reached skill level 8 in Axes
  5013 | D:5      | Found Ryebbi's Antique Weapon Emporium.
  5053 | D:5      | 5053 ||| Stepping ~*~*~tactically~*~*~ (stealth).
  5145 | D:5      | 5145 ||| Stepping ~*~*~tactically~*~*~ (stealth).
  5153 | D:5      | HP: 8/49 [gnoll sergeant/+0 spear of pain (9)]
  5154 | D:5      | 5154 ||| READING scroll of teleportation.
  5154 | D:5      | HP: 1/49 [gnoll/+0 spear[a gnoll sergeant] (5)]
  5154 | D:5      | Slain by a gnoll sergeant

Levels and vault maps discovered:
D:1:      wander_arrival_peaceful_grave, layout_basic, minmay_surrounded
D:2:      layout_basic, basic_altar, minmay_mini_jars
D:3:      layout_loops_cross, grunt_gozag_statues, serial_shops,
          nicolae_shop_window_shopping
D:4:      layout_basic, nicolae_ru_path_of_blood, minmay_temple_entry_offerings,
          serial_shops, nicolae_stop_n_shop_2
D:5:      layout_cave_pools, lemuel_zombie_altar_yredelemnul, serial_shops,
          shop, nicolae_stop_n_shop_2
Temple:   hellmonk_temple_forest_ring

Skill      XL: |  1  2  3  4  5  6  7 |
---------------+----------------------+-----
Axes           | 4 5 6 7 8 |  8.0
Fighting       | 4 |  4.8
Armour         | 4 |  4.1
Dodging        | |  1.1

Action                   |  1- 3 |  4- 6 |  7- 9 || total
-------------------------+-------+-------+-------++-------
Melee: Hand axe          |   100 |   104 |       ||   204
       War axe           |       |    61 |    42 ||   103
       Punch             |       |     3 |     1 ||     4
Throw: Boomerang         |       |    42 |    16 ||    58
Invok: Renounce Religion |     1 |       |       ||     1
  Use: Scroll            |     2 |     7 |     4 ||    13
       Potion            |       |     4 |       ||     4
 Stab: Petrified         |       |     2 |       ||     2
Armor: Leather armour    |    25 |       |       ||    25
       Scale mail        |    18 |    48 |       ||    66
       Chain mail        |       |    73 |    37 ||   110
Dodge: Dodged            |    45 |    61 |    12 ||   118

Table legend:
 A = Non-vault XP
 B = Vault XP
 C = Vault XP percentage of total XP
 D = Non-vault monster count
 E = Vault monster count
 F = Vault count percentage of total count
                 A         B        C        D         E       F
            +---------+---------+-------+---------+---------+-------
      Total |     818 |      42 |   4.9 |      84 |      13 |  13.4
            +---------+---------+-------+---------+---------+-------
        D:1 |      30 |       5 |  14.3 |      18 |       3 |  14.3
        D:2 |     124 |      37 |  23.0 |      25 |      10 |  28.6
        D:3 |      72 |       0 |   0.0 |      18 |       0 |   0.0
        D:4 |     365 |       0 |   0.0 |      16 |       0 |   0.0
        D:5 |     227 |       0 |   0.0 |       7 |       0 |   0.0
            +---------+---------+-------+---------+---------+-------
